 Dungeon Crawl Stone Soup version 0.25-a0-399-gcf1075a8b3 (webtiles) character file.

Game seed: 3379335521365508210, levelgen mode: deterministic

28700 night the Fighter (level 13, -2/118 HPs)
             Began as a Grey Draconian Venom Mage on Jan 8, 2020.
             Was an Initiate of Gozag.
             Killed from afar by an oklob plant (12 damage)
             ... with a splash of acid
             ... on level 4 of the Lair of Beasts.
             The game lasted 01:10:44 (18107 turns).

night the Fighter (Grey Draconian Venom Mage)      Turns: 18107, Time: 01:10:44

Health: -2/118     AC: -2    Str: 11    XL:     13   Next: 11%
Magic:  23/28      EV: 13    Int: 21    God:    Gozag
Gold:   2277       SH:  8    Dex: 11    Spells: 22/35 levels left

rFire    + . .     SeeInvis .   q - +6 demon trident (elec)
rCold    . . .     Gourm    .   c - +0 buckler
rNeg     + . .     Faith    .   (armour unavailable)
rPois    .         Spirit   .   i - +1 hat
rElec    .         Reflect  +   P - +0 cloak
rCorr    .         Harm     .   M - +0 pair of gloves
MR       .....                  A - +1 pair of boots
Stlth    ++........             T - +4 amulet of reflection
HPRegen  0.29/turn              Z - ring of Syxtomoi {+Inv rF+}
MPRegen  0.21/turn              E - ring of positive energy

@: corroded
A: walk through water, unfitting armour, unbreathing, cold-blooded, AC +13
a: Potion Petition, Call Merchant, Bribe Branch, Renounce Religion, Evoke
Invisibility


You were on level 4 of the Lair of Beasts.
You worshipped Gozag.
Gozag was most pleased with you.
You were near starving.

You visited 3 branches of the dungeon, and saw 15 of its levels.
You also visited: Ossuary.

You collected 3082 gold pieces.
You paid 805 gold pieces to Gozag.

Inventory:

Hand Weapons
 a - a +3 dagger of electrocution
 b - a +4 scimitar of flaming
 q - a +6 demon trident of electrocution (weapon)
 G - a +3 dagger of venom
 S - the +0 dagger "Transmigrator" {speed, Str+4}
   (You found it on level 1 of the Lair of Beasts)

   Attacks with this weapon are significantly faster.
   It affects your strength (+4).
Missiles
 p - 13 javelins (quivered)
 R - 27 poisoned darts
Armour
 c - a +0 buckler (worn)
 i - a +1 hat (worn)
 A - a +1 pair of boots (worn)
 M - a +0 pair of gloves (worn)
 P - a +0 cloak (worn)
Magical Staves
 e - an uncursed staff of air
Jewellery
 E - a ring of positive energy (right hand)
 I - an uncursed ring of protection from magic
 K - an uncursed ring of protection from fire
 N - an uncursed ring of protection from cold
 T - a +4 amulet of reflection (around neck)
 Z - the ring of Syxtomoi (left hand) {+Inv rF+}
   (You found it on level 3 of the Lair of Beasts)

   [ring of protection from fire]

   It protects you from fire.
   It lets you turn invisible.
Wands
 f - a wand of iceblast (17)
 v - a wand of clouds (6)
 B - a wand of flame (53)
 H - a wand of digging (5)
 O - a wand of polymorph (17)
 Y - a wand of acid (8)
Scrolls
 g - 4 scrolls of magic mapping
 h - 11 scrolls of teleportation
 j - 3 scrolls of amnesia
 k - 5 scrolls of blinking
 n - 4 scrolls of enchant armour
 o - a scroll of fog
 r - a scroll of fear
 V - 4 scrolls of identify
Potions
 d - 2 potions of resistance
 l - 4 potions of flight
 m - 5 potions of heal wounds
 s - a potion of invisibility
 t - 4 potions of curing {unknown}
 u - a potion of ambrosia {unknown}
 w - 3 potions of magic
 x - 2 potions of mutation
 z - 2 potions of lignification
 C - 3 potions of agility {unknown}
 D - 3 potions of cancellation
 F - 3 potions of brilliance
 J - 2 potions of haste
 L - a potion of degeneration {unknown}
 Q - a potion of might {unknown}
 X - a potion of berserk rage {unknown}
Miscellaneous
 y - a phantom mirror
 W - a phial of floods
Comestibles
 U - 12 rations


   Skills:
 + Level 12.0 Fighting
 - Level 6.9(7.7) Short Blades
 - Level 5.0(6.8) Long Blades
 + Level 6.8 Polearms
 + Level 3.6 Dodging
 - Level 1.7 Stealth
 - Level 4.0 Shields
 - Level 11.9 Spellcasting
 - Level 2.0 Transmutations
 - Level 8.2 Poison Magic


You had 22 spell levels left.
You knew the following spells:

 Your Spells              Type           Power        Failure   Level  Hunger
a - Sting                 Tmut/Pois      ####         1%          1    None
b - Poisonous Vapours     Pois/Air       ####..       1%          2    None
c - Ignite Poison         Fire/Tmut/Pois ####....     3%          3    None
d - Olgreb's Toxic Radia  Pois           #####...     1%          4    None
e - Mephitic Cloud        Conj/Pois/Air  ###.....     4%          3    None

Your spell library contained the following spells:

 Spells                   Type           Power        Failure   Level  Hunger


Dungeon Overview and Level Annotations

Branches:
Dungeon (10/15)            Temple (1/1) D:5            Lair (4/6) D:10
 Spider (0/4) Lair:4      Ossuary (visited)
  Swamp: Lair:2-4    Shoals: Lair:2-4       Orc: D:9-12

Altars:
Ashenzari
Cheibriados
Dithmenos
Elyvilon
Fedhas
Gozag
Hepliaklqana
Kikubaaqudgha
Makhleb
Nemelex Xobeh
Okawaru
Qazlal
Ru
Sif Muna
Trog
Uskayaw
Vehumet
Wu Jian
Xom
Yredelemnul
Zin
The Shining One

Shops:
Lair:3 ?

Annotations:
Lair:4 exclusion: 2 oklob plants


Innate Abilities, Weirdness & Mutations

You can walk through water.
Your dull iron-grey scales are very hard. (AC +13)
You cannot fit into any form of body armour.
You can survive without breathing.
You are cold-blooded and may be slowed by cold attacks.


Message History

The plant is engulfed in blazing flames.
The oklob plant is engulfed in blazing flames.
The plant is engulfed in blazing flames.
The oklob plant is engulfed in blazing flames.
The oklob plant spits acid at you. The splash of acid hits you!
The acid corrodes you!
You are splashed with acid!
The oklob plant spits acid at you. The splash of acid hits you.
The acid corrodes you!
You are splashed with acid!
The plant is engulfed in blazing flames.
You destroy the plant!
The oklob plant is engulfed in blazing flames.
The oklob plant spits acid at you. The splash of acid hits you!
* * * LOW HITPOINT WARNING * * *
The acid corrodes you!
You are splashed with acid!
* * * LOW HITPOINT WARNING * * *
The oklob plant spits acid at you. The splash of acid hits you!
You die...
Your body crumbles into a pile of gold.

.........##
#.P#
..#.#.#...#
#.##
...#.#.#.##
#.#
..#####...#
#.# .. #..###
#.## #P...#
#..# #...##
#.## ##...#
#..# ###@#
####
#P≈≈.....≈≈P#
#P≈.......°P#
#P≈.......§°#
#P≈.......≈P#
#P≈.......≈P#
#P≈≈.....≈≈P#
#####...#####


You could see 2 oklob plants.

Vanquished Creatures
  Gastronok (Lair:1)
  The ghost of Zycearphob the Arsonist, a journeyman OgFE of Vehumet (Lair:3)
  Snorg (D:10)
  3 hydras
  Erolcha (D:10)
  2 two-headed ogres
  The ghost of Fiugunoecu the Thaumaturge, a journeyman GnWz of Ashenzari (D:10)
  Erica (D:8)
  Nergalle (D:10)
  Urug (D:10)
  Pikel (D:7)
  An oklob plant (Lair:1)
  3 black mambas
  Psyche (D:9)
  6 spiny frogs
  Maggie (D:9)
  2 komodo dragons
  A polar bear (Lair:4)
  Grinder (D:4)
  2 hornets
  6 hippogriffs
  A spriggan (D:7)
  A shadow (D:10)
  4 wraiths
  25 yaks
  Eustachio (D:4)
  A golden eye (D:10)
  A basilisk (Lair:3)
  Menkaure (D:4)
  6 water moccasins
  9 porcupines
  2 sky beasts
  3 orc warriors
  An ice beast (D:5)
  2 black bears
  A necrophage (D:8)
  3 ogres
  A phantom (D:7)
  9 wolves (Lair:3)
  2 centaurs
  A crocodile (D:8)
  Blork the orc (D:6)
  17 bullfrogs
  A wyvern skeleton (D:9)
  9 scorpions
  A water moccasin skeleton (D:6)
  An electric eel (Lair:2)
  3 howler monkeys (D:7)
  2 bullfrog zombies (D:8)
  5 crimson imps
  4 centaur zombies
  3 orc priests
  3 bullfrog skeletons
  2 hounds
  2 jellies
  Crazy Yiuf (D:7)
  6 orc wizards
  A centaur skeleton (D:5)
  A human zombie (Ossuary)
  Ijyb (D:4)
  Natasha (thrice) (D:4)
  3 iguanas
  5 hell rats (Lair:2)
  2 worker ants
  A killer bee zombie (D:8)
  3 big kobold zombies (Ossuary)
  A hound zombie (D:9)
  A hound skeleton (D:6)
  3 mummies (Ossuary)
  3 worker ant zombies
  A gnoll (D:1)
  15 adders
  5 river rats (Lair:2)
  A scorpion zombie (Ossuary)
  2 shadow imps
  12 white imps
  3 oozes
  3 adder skeletons
  2 worms
  6 leopard geckos
  27 orcs
  2 giant cockroaches
  3 gnoll zombies
  9 hobgoblins
  4 jackals (D:6)
  7 quokkas
  4 ball pythons
  10 bats
  5 frilled lizards
  9 goblins
  A goblin zombie (Ossuary)
  A hobgoblin zombie (Ossuary)
  2 jackal zombies
  7 kobolds
  2 leopard gecko skeletons
  2 orc zombies (Ossuary)
  4 rats
  3 fungi (D:10)
  4 plants
358 creatures vanquished.

Vanquished Creatures (others)
  A slave (D:7)
  A goblin (D:2)
  An orc zombie (Ossuary)
  3 fungi
  9 plants (Lair:2)
15 creatures vanquished.

Grand Total: 373 creatures vanquished

Notes
Turn   | Place    | Note
-------+----------+-------------------------------------------
     0 | D:1      | night the Draconian Venom Mage began the quest for the Orb.
     0 | D:1      | Reached XP level 1. HP: 14/14 MP: 3/3
   370 | D:1      | Reached XP level 2. HP: 20/20 MP: 1/5
   609 | D:1      | Reached skill level 1 in Shields
   682 | D:1      | Reached XP level 3. HP: 26/26 MP: 2/6
  1332 | D:2      | Reached XP level 4. HP: 33/33 MP: 5/8
  1700 | D:2      | Found an iron altar of Okawaru.
  1764 | D:2      | Learned a level 3 spell: Mephitic Cloud
  1797 | D:2      | Found a shattered altar of Ashenzari.
  1798 | D:2      | Found an opulent altar of Gozag.
  2026 | D:2      | Became a worshipper of Gozag Ym Sagoz the Greedy
  2527 | D:3      | Reached XP level 5. HP: 38/38 MP: 5/9
  2534 | D:3      | Learned a level 3 spell: Ignite Poison
  2964 | D:4      | Noticed Grinder
  2980 | D:4      | Paralysed by Grinder for 6 turns
  2986 | D:4      | Killed Grinder
  2986 | D:4      | Reached XP level 6. HP: 35/45 MP: 0/11
  3083 | D:4      | Found a sand-covered staircase.
  3104 | Ossuary  | Entered an ossuary
  3270 | Ossuary  | Reached skill level 5 in Poison Magic
  3361 | Ossuary  | Your scales start taking on a dull iron-grey colour.
  3361 | Ossuary  | Reached XP level 7. HP: 50/50 MP: 13/13
  3361 | Ossuary  | Gained mutation: You can survive without breathing. [Grey
                  | Draconian growth]
  3544 | Ossuary  | Reached skill level 5 in Spellcasting
  3696 | D:4      | Noticed Eustachio
  3709 | D:4      | Killed Eustachio
  3709 | D:4      | Reached XP level 8. HP: 51/57 MP: 9/16
  3817 | D:4      | Learned a level 4 spell: Olgreb's Toxic Radiance
  3820 | D:4      | Learned a level 2 spell: Poisonous Vapours
  3902 | D:4      | Noticed Natasha
  3910 | D:4      | Killed Natasha
  4018 | D:4      | Noticed Menkaure
  4028 | D:4      | Killed Menkaure
  4410 | D:4      | Noticed Ijyb
  4528 | D:4      | Killed Ijyb
  4570 | D:4      | Found a blossoming altar of Fedhas.
  4643 | D:4      | Noticed Natasha
  4651 | D:4      | Killed Natasha
  4658 | D:4      | Noticed Natasha
  4664 | D:4      | Killed Natasha
  4667 | D:4      | Found a stormy altar of Qazlal.
  4910 | D:5      | Entered Level 5 of the Dungeon
  5097 | D:5      | Found a staircase to the Ecumenical Temple.
  5108 | Temple   | Entered the Ecumenical Temple
  5360 | D:5      | Noticed an angel
  5361 | D:5      | Found a glowing silver altar of Zin.
  5925 | D:6      | Noticed Blork the orc
  5967 | D:6      | Killed Blork the orc
  5967 | D:6      | Reached XP level 9. HP: 42/62 MP: 8/19
  6153 | D:6      | Found a sparkling altar of Nemelex Xobeh.
  6178 | D:6      | Noticed a two-headed ogre
  6192 | D:6      | Killed a two-headed ogre
  6192 | D:6      | Reached skill level 2 in Fighting
  6193 | D:6      | Reached skill level 3 in Fighting
  6931 | D:7      | Reached skill level 4 in Fighting
  6990 | D:7      | Noticed Pikel
  7001 | D:7      | Killed Pikel
  7202 | D:7      | Reached skill level 5 in Fighting
  7202 | D:7      | Reached XP level 10. HP: 81/81 MP: 22/22
  7485 | D:7      | Found a runed translucent door.
  7486 | D:7      | Noticed Crazy Yiuf
  7500 | D:7      | Killed Crazy Yiuf
  7840 | D:8      | Reached skill level 5 in Short Blades
  7990 | D:8      | Found a hazy altar of Hepliaklqana.
  8055 | D:8      | Found a glowing golden altar of the Shining One.
  8105 | D:8      | Noticed a two-headed ogre
  8450 | D:8      | Found a snail-covered altar of Cheibriados.
  8543 | D:9      | Noticed Maggie
  8548 | D:9      | Noticed Psyche
  8550 | D:9      | Killed Maggie
  8550 | D:9      | Reached skill level 6 in Fighting
  8551 | D:9      | Killed Psyche
  9637 | D:9      | Reached skill level 7 in Fighting
  9675 | D:9      | Noticed Erica
  9688 | D:8      | Killed Erica
 10044 | D:10     | Entered Level 10 of the Dungeon
 10044 | D:10     | Noticed Urug
 10091 | D:10     | Reached XP level 11. HP: 90/93 MP: 16/24
 10112 | D:10     | Reached skill level 1 in Long Blades
 10123 | D:10     | Found a staircase to the Lair.
 10304 | D:10     | Killed a two-headed ogre
 10304 | D:10     | Reached skill level 8 in Fighting
 10304 | D:10     | Reached skill level 10 in Spellcasting
 10517 | D:10     | Noticed Erolcha
 10533 | D:10     | Killed Erolcha
 10727 | D:10     | Killed Urug
 10742 | D:10     | Found a runed translucent gate.
 10742 | D:10     | Found a runed translucent gate.
 10742 | D:10     | Found a runed translucent gate.
 10748 | D:10     | Noticed Fiugunoecu's ghost (journeyman GnWz)
 10848 | D:10     | Noticed Snorg
 10856 | D:10     | Killed Snorg
 10856 | D:10     | Reached skill level 9 in Fighting
 11354 | D:10     | Killed Fiugunoecu's ghost
 11431 | D:10     | Reached skill level 5 in Long Blades
 11542 | Lair:1   | Entered Level 1 of the Lair of Beasts
 11542 | Lair:1   | Noticed a five-headed hydra
 11561 | D:10     | Killed a five-headed hydra
 11561 | D:10     | Reached skill level 1 in Polearms
 11968 | Lair:1   | Found a frozen archway.
 11981 | Lair:1   | Noticed Nergalle
 12187 | D:10     | Noticed a spectral orc warlord
 12188 | D:10     | Killed Nergalle
 12188 | D:10     | Reached skill level 10 in Fighting
 12188 | D:10     | Reached XP level 12. HP: 40/106 MP: 11/27
 13227 | Lair:1   | Noticed a six-headed hydra
 13336 | Lair:1   | Killed a six-headed hydra
 13348 | Lair:1   | Noticed Gastronok
 13506 | Lair:1   | Killed Gastronok
 14061 | Lair:1   | Noticed a four-headed hydra
 14067 | Lair:1   | Killed a four-headed hydra
 14280 | Lair:1   | Got a twisted dagger
 14280 | Lair:1   | Identified the cursed +0 dagger "Transmigrator" {speed,
                  | Str+4} (You found it on level 1 of the Lair of Beasts)
 14797 | Lair:2   | Reached skill level 11 in Fighting
 14951 | Lair:2   | Reached skill level 5 in Polearms
 17134 | Lair:3   | Reached XP level 13. HP: 95/117 MP: 17/28
 17489 | Lair:3   | Found a runed translucent door.
 17494 | Lair:3   | Noticed Zycearphob's ghost (journeyman OgFE)
 17547 | Lair:3   | Killed Zycearphob's ghost
 17558 | Lair:3   | Got a fine iron ring
 17566 | Lair:3   | Identified the ring of Syxtomoi {+Inv rF+} (You found it on
                  | level 3 of the Lair of Beasts)
 17835 | Lair:4   | Found a hole to the Spider Nest.
 17929 | Lair:4   | Reached skill level 12 in Fighting
 18107 | Lair:4   | Killed from afar by an oklob plant

Levels and vault maps discovered:
D:1:      eino_arrival_cavern_b, layout_loops_cross
D:2:      layout_rooms, gammafunk_temple_overflow_pools,
          okawaru_ov_weapons_minmay
D:3:      layout_basic
D:4:      layout_loops_corners, grunt_temple_overflow_forces_of_nature,
          enter_ossuary_3, first_ration, uniq_grinder, uniq_eustachio,
          uniq_ijyb, uniq_menkaure, uniq_natasha
D:5:      minmay_bubble_buster, layout_cave_pods, zin_angel,
          minmay_temple_entry_glassed_door
D:6:      kennysheep_six_static_rooms, layout_cave_pods,
          nemelex_lonely_heart_becter, uniq_blork_the_orc
D:7:      layout_loops_cross, the_bakery, uniq_pikel, uniq_crazy_yiuf_cottage
D:8:      layout_basic, tso_oasis_becter, overflow_temple_1_default,
          kennysheep_little_box
D:9:      layout_layer_cave, uniq_maggie, uniq_erica, uniq_psyche
D:10:     layout_cross, due_lair_maze_entry_diamond, gammafunk_ghost_spectres,
          kennysheep_cluttered_room, uniq_urug, uniq_snorg, uniq_erolcha
Temple:   nicolae_temple_god_jail
Lair:1:   layout_layer_cave, portal_ice_cave_entry_imps,
          minmay_lair_oklob_items, grunt_megastairs_2, uniq_gastronok,
          uniq_nergalle
Lair:2:   layout_roguey, kennysheep_abandoned_house, serial_bayou_shore_a
Lair:3:   layout_regular_city, ebering_ghost_reflecting_pool
Lair:4:   dpeg_oklob_gauntlet, layout_long_grid, minmay_swamp_entry_wisps,
          spider_nest_entry_a, gammafunk_ghost_split,
          chequers_serial_rivers_small_a, guppyfry_lair_drakes

Skill      XL: |  1  2  3  4  5  6  7  8  9 10 11 12 13 |
---------------+----------------------------------------+-----
Shields        | 1 2 3 4 |  4.0
Transmutations | 2 |  2.0
Spellcasting   | 3 4 5 7 8 9 11 | 11.9
Poison Magic   | 4 5 6 8 |  8.2
Fighting       | 5 7 10 11 12 | 12.0
Short Blades   | 4 6 |  6.9
Long Blades    | 5 |  5.0
Polearms       | 2 6 |  6.8
Dodging        | 3 |  3.6
Stealth        | |  1.7

Action                   |  1- 3 |  4- 6 |  7- 9 | 10-12 | 13-15 || total
-------------------------+-------+-------+-------+-------+-------++-------
Melee: Short sword       |    18 |       |       |       |       ||    18
       Unarmed           |     4 |       |       |       |       ||     4
       Dagger            |     2 |    99 |   304 |   346 |       ||   751
       Tailslap          |       |    12 |    37 |    52 |     2 ||   103
       Fustibalus        |       |       |       |     1 |       ||     1
       Demon trident     |       |       |       |    80 |    19 ||    99
Throw: Javelin           |       |       |     3 |     3 |       ||     6
 Cast: Sting             |    51 |    58 |    53 |   186 |    10 ||   358
       Ignite Poison     |       |     1 |     6 |    40 |     3 ||    50
       Mephitic Cloud    |       |       |     2 |    23 |     2 ||    27
       Poisonous Vapours |       |       |    15 |   132 |     6 ||   153
       Olgreb's Toxic Ra |       |       |     8 |    21 |       ||    29
Invok: Call Merchant     |       |       |       |       |     1 ||     1
Evoke: Wand              |       |       |       |     5 |       ||     5
  Use: Scroll            |       |     4 |       |    25 |       ||    29
       Potion            |       |       |       |     1 |       ||     1
 Stab: Sleeping          |     2 |       |     2 |       |     1 ||     5
       Distracted        |       |       |       |     3 |       ||     3
       Confused          |       |       |       |     1 |       ||     1
  Eat: Chunk             |     2 |     2 |       |       |       ||     4
       Ration            |       |     1 |     4 |    10 |       ||    15
Armor: Skin              |    28 |    35 |    97 |   196 |    10 ||   366
Dodge: Dodged            |    39 |    53 |   121 |   193 |     8 ||   414
Block: Buckler           |    10 |    40 |    91 |   168 |     5 ||   314
       Reflection        |       |     2 |     1 |     3 |       ||     6

Table legend:
 A = Non-vault XP
 B = Vault XP
 C = Vault XP percentage of total XP
 D = Non-vault monster count
 E = Vault monster count
 F = Vault count percentage of total count
                 A         B        C        D         E       F
            +---------+---------+-------+---------+---------+-------
      Total |   24101 |   16900 |  41.2 |     258 |      94 |  26.7
            +---------+---------+-------+---------+---------+-------
        D:1 |      78 |       0 |   0.0 |      24 |       0 |   0.0
        D:2 |      78 |       0 |   0.0 |      26 |       0 |   0.0
        D:3 |      79 |       0 |   0.0 |      17 |       0 |   0.0
        D:4 |     235 |     724 |  75.5 |      14 |       7 |  33.3
        D:5 |     717 |      81 |  10.2 |      17 |       6 |  26.1
        D:6 |    1482 |     298 |  16.7 |      25 |       5 |  16.7
        D:7 |     427 |     942 |  68.8 |      11 |       3 |  21.4
        D:8 |    1168 |     929 |  44.3 |      20 |       1 |   4.8
        D:9 |    2022 |    1015 |  33.4 |      25 |       3 |  10.7
       D:10 |    5431 |    7058 |  56.5 |      23 |      21 |  47.7
     Lair:1 |    2727 |    2913 |  51.6 |       5 |      11 |  68.8
     Lair:2 |    4797 |     682 |  12.4 |      24 |      12 |  33.3
     Lair:3 |    3901 |    1511 |  27.9 |      24 |       1 |   4.0
     Lair:4 |     959 |       0 |   0.0 |       3 |       0 |   0.0
    Ossuary |       0 |     747 | 100.0 |       0 |      24 | 100.0
            +---------+---------+-------+---------+---------+-------
